 Dungeon Crawl Stone Soup version 0.30-a0-373-gd37427bb62 (webtiles) character file.

Game seed: 7718124713123419798

12392 Essalna the Zephyrmancer (level 11, -3/69 HPs)
             Began as a Tengu Air Elementalist on Nov 24, 2022.
             Was a Priest of Vehumet.
             Killed from afar by a gargoyle (17 damage)
             ... with a stone arrow
             ... on level 11 of the Dungeon.
             The game lasted 00:30:53 (14627 turns).

Essalna the Zephyrmancer (Tengu Air Elementalist)  Turns: 14627, Time: 00:30:53

Health: -3/69      AC:  7    Str:  7    XL:     11   Next: 92%
Magic:  16/16      EV: 23    Int: 25    God:    Vehumet [***...]
Gold:   690        SH:  0    Dex: 14    Spells: 1/16 levels left

rFire   + . .      SeeInvis .    y - +4 shortbow "Rakigex" {drain, rF+ rCorr Str-3 Int+6}
rCold   . . .      Faith    .    (shield currently unavailable)
rNeg    . . .      Spirit   .    w - +2 robe {Will+}
rPois   +          Reflect  .    (helmet restricted)
rElec   .          Harm     .    E - +0 cloak
rCorr   +          Rampage  .    p - +0 pair of gloves
Will    +....                    (boots unavailable)
Stlth   +.........               (no amulet)
HPRegen 0.31/turn                G - ring of poison resistance
MPRegen 0.15/turn                s - +4 ring of evasion

@: confused, ambrosia-drunk, flying quickly and evasively, quick
A: beak, talons 3, nimble flight
a: Renounce Religion


You were on level 11 of the Dungeon.
You worshipped Vehumet.
Vehumet was most pleased with you.
You visited 3 branches of the dungeon, and saw 14 of its levels.
You also visited: Sewer.

You collected 690 gold pieces.

Inventory:

Hand Weapons
 y - the +4 shortbow "Rakigex" (weapon) {drain, rF+ rCorr Str-3 Int+6}
   (You took it off a gnoll bouda on level 6 of the Dungeon)

   A truly terrible weapon, it drains the life of any living foe it strikes.
   Str:       It affects your strength (-3).
   Int:       It affects your intelligence (+6).
   rF:        It protects you from fire.
   rCorr:     It protects you from acid and corrosion.
Missiles
 n - 5 throwing nets
Armour
 a - a +0 robe
 b - a +0 troll leather armour {Pargi}
 p - a +0 pair of gloves (worn)
 w - a +2 robe of willpower (worn)
 D - a +0 pair of gloves
 E - a +0 cloak (worn)
Magical Staves
 g - a staff of death
Jewellery
 f - a ring of protection from cold
 h - a +6 ring of dexterity
 r - a ring of willpower
 s - a +4 ring of evasion (right hand)
 G - a ring of poison resistance (left hand)
 H - a ring of fire
Wands
 t - a wand of mindburst (19)
 v - a wand of light (19)
 z - a wand of iceblast (4)
 C - a wand of flame (7)
 J - a wand of polymorph (6)
Scrolls
 e - 9 scrolls of identify
 i - 2 scrolls of amnesia
 j - 3 scrolls of poison
 B - 2 scrolls of teleportation
Potions
 d - 5 potions of mutation
 k - 3 potions of invisibility {unknown}
 l - 7 potions of curing {unknown}
 m - a potion of haste {unknown}
 o - 3 potions of lignification {unknown}
 u - a potion of degeneration {unknown}
 x - 4 potions of flight {unknown}
 A - 2 potions of might {unknown}
 F - a potion of attraction {unknown}


   Skills:
 + Level 8.5 Fighting
 + Level 8.7 Armour
 + Level 9.0 Dodging
 - Level 2.0 Stealth
 - Level 3.0 Spellcasting
 + Level 11.2 Conjurations
 + Level 11.8 Air Magic


You had one spell level left.
You knew the following spells:

 Your Spells              Type           Power      Damage    Failure   Level
a - Shock                 Conj/Air       100%       1d9       1%          1
b - Static Discharge      Conj/Air       100%       2-7/arc   1%          2
c - Swiftness             Air            58%        N/A       1%          3
d - Airstrike             Air            29%        2d(5-21)  1%          4
e - Arcjolt               Conj/Air       28%        1d38      1%          5

Your spell library contained the following spells:

 Spells                   Type           Power      Damage    Failure   Level
 Frozen Ramparts          Ice            6%         1d1       9%          3
 Apportation              Tloc           6%         N/A       10%         1
 Slow                     Hex            12%        N/A       10%         1
 Poisonous Vapours        Pois/Air       66%        N/A       1%          2
 Kindle Blastsparks       Fire/Tloc/Air  46%        2d13      1%          3
 Mephitic Cloud           Conj/Pois/Air  42%        N/A       1%          3
 Vhi's Electric Charge    Tloc/Air       66%        N/A       2%          3
 Fulminant Prism          Conj/Hex       15%        3d10      2%          4
 Iskenderun's Mystic Bla  Conj/Tloc      31%        2d8       2%          4
 Cigotuvi's Dreadful Rot  Necr/Pois/Air  46%        N/A       3%          2
 Confusing Touch          Hex            3%         N/A       30%         3
 Ozocubu's Armour         Ice            3%         N/A       30%         3
 Vampiric Draining        Necr           3%         2d6       30%         3
 Lee's Rapid Deconstruct  Erth           1%         3d4*      54%         5
 Maxwell's Capacitive Co  Air            29%        ∞         75%         8
 Alistair's Intoxication  Tmut/Pois      2%         N/A       95%         5
 Metabolic Englaciation   Hex/Ice        1%         N/A       95%         5
 Simulacrum               Ice/Necr       1%         N/A       100%        6


Dungeon Overview and Level Annotations

Branches:
Dungeon (12/15)            Temple (1/1) D:5            Lair (1/5) D:11
  Sewer (visited)
    Orc: D:9-12

Altars:
Ashenzari
Cheibriados
Dithmenos
Elyvilon
Fedhas
Gozag
Hepliaklqana
Kikubaaqudgha
Makhleb
Nemelex Xobeh
Okawaru
Qazlal
Ru
Sif Muna
Trog
Uskayaw
Vehumet
Wu Jian
Xom
Yredelemnul
Zin
The Shining One

Shops:
D:2 ((


Innate Abilities, Weirdness & Mutations

You have a beak for a mouth.
You have claws for feet.
Your magical nature lets you fly swiftly and evasively.


Message History

The arrow hits the gargoyle but does no damage.
The gargoyle is heavily damaged.
The gargoyle hurls a stone arrow at you.
The stone arrow misses you.
You shoot an arrow. The arrow barely misses the gargoyle.
The gargoyle hits you but does no damage.
The gargoyle hurls a stone arrow at you.
The stone arrow hits you!!
You shoot an arrow. The arrow barely misses the gargoyle.
The gargoyle hurls a stone arrow at you.
The stone arrow misses you.
You shoot an arrow. The arrow barely misses the gargoyle.
The gargoyle barely misses you. The gargoyle hits you with a +0 flail!!
* * * LOW HITPOINT WARNING * * *
You shoot an arrow.
The arrow hits the gargoyle but does no damage.
The gargoyle is heavily damaged.
The gargoyle hits you with a +0 flail.
* * * LOW HITPOINT WARNING * * *
You shoot an arrow. The arrow hits the gargoyle.
The gargoyle is heavily damaged.
The gargoyle hurls a stone arrow at you.
The stone arrow misses you.
The gargoyle hurls a stone arrow at you.
The stone arrow misses you.
The gargoyle hurls a stone arrow at you.
The stone arrow misses you.
You fly upwards.
There is a stone staircase leading down here.
You are confused.
You feel invigorated. The gargoyle misses you.
The gargoyle hurls a stone arrow at you.
The stone arrow hits you!!
* * * LOW HITPOINT WARNING * * *
You're too confused to move!
You're too confused to move!
The gargoyle misses you.
You are too confused!
The gargoyle hurls a stone arrow at you.
The stone arrow hits you!
You die...

####### ##### #.....#
#...# ###.....# #...#
#.......#######<..#
#............)[)[.####..
#..............>9........
#.........#####.@........
#.....##### #..........
#.....# #..........
#.....# #..........
#.....# '..........
#.....# .#..........
#...†.# .'......###
#...†.# # #......#
##....†.


You could see a gargoyle.

Vanquished Creatures
  Nergalle (D:10)
  A manticore (D:12)
  A torpor snail (D:11)
  2 cane toads
  A rime drake (Lair:1)
  2 trolls (D:11)
  A hornet (D:11)
  2 shadows (D:9)
  25 yaks
  A wraith (D:10)
  2 steam dragons
  An acid dragon (D:10)
  A water moccasin (D:6)
  7 ice beasts
  Pargi (Sewer)
  4 orc warriors
  A sky beast (D:7)
  2 black bears
  2 ogres
  2 wolves (D:11)
  2 centaurs
  A phantom (D:6)
  A necrophage (D:6)
  A scorpion (D:6)
  6 bullfrogs
  A gnoll sergeant (D:9)
  12 wights (D:9)
  9 killer bees
  7 howler monkeys
  3 quasits (D:4)
  3 orc priests
  3 gnoll boudas
  6 hounds
  4 iguanas
  4 jellies
  9 orc wizards
  28 gnolls
  9 adders
  2 shadow imps (D:4)
  3 white imps (D:4)
  6 ufetubi (D:4)
  2 worms (D:3)
  3 dart slugs
  31 orcs
  8 endoplasms
  A giant cockroach (Sewer)
  10 hobgoblins
  2 jackals (D:3)
  3 quokkas
  5 ball pythons
  4 bats
  A frilled lizard (D:3)
  5 goblins
  4 kobolds
  2 rats (D:1)
  A spectral hobgoblin (D:10)
262 creatures vanquished.

Vanquished Creatures (collateral kills)
  A hound (D:5)
1 creature vanquished.

Vanquished Creatures (others)
  4 demonic plants (D:4)
  A fungus (Lair:1)
  3 plants (Lair:1)
8 creatures vanquished.

Grand Total: 271 creatures vanquished

Notes
Turn   | Place    | Note
-------+----------+-------------------------------------------
     0 | D:1      | Essalna the Tengu Air Elementalist began the quest for the
                  | Orb.
     0 | D:1      | Reached XP level 1. HP: 10/10 MP: 4/4
   205 | D:1      | Reached XP level 2. HP: 16/16 MP: 4/6
   360 | D:1      | Reached skill level 1 in Fighting
   446 | D:1      | Reached XP level 3. HP: 20/20 MP: 1/7
   897 | D:1      | Learned a level 2 spell: Static Discharge
  1566 | D:2      | Found a faded altar of an unknown god.
  1608 | D:2      | Found Rueg's Weapon Boutique.
  2048 | D:2      | Reached XP level 4. HP: 26/26 MP: 6/8
  2140 | D:2      | Found Neidan's Weapon Boutique.
  2299 | D:3      | Reached skill level 5 in Air Magic
  2538 | D:3      | Found an opulent altar of Gozag.
  2643 | D:3      | HP: 1/27 [gnoll/+0 whip (7)]
  2650 | D:3      | Gained mutation: Your magical nature lets you fly swiftly
                  | and evasively. [Tengu growth]
  2650 | D:3      | Reached XP level 5. HP: 16/31 MP: 5/9
  2657 | D:3      | Found a faded altar of an unknown god.
  2662 | D:3      | Found a sacrificial altar of Ru.
  2743 | D:3      | Found a glowing drain.
  2750 | Sewer    | Entered a sewer
  2785 | Sewer    | Noticed Pargi
  2789 | Sewer    | Killed Pargi
  2877 | Sewer    | Reached XP level 6. HP: 37/37 MP: 8/10
  3487 | D:4      | Reached skill level 1 in Armour
  3908 | D:4      | Reached skill level 5 in Conjurations
  3908 | D:4      | Reached XP level 7. HP: 41/41 MP: 9/11
  4129 | D:3      | Learned a level 3 spell: Swiftness
  4134 | D:3      | Learned a level 4 spell: Airstrike
  4555 | D:5      | Entered Level 5 of the Dungeon
  4923 | D:5      | Found a sparkling altar of Nemelex Xobeh.
  5165 | D:5      | Reached XP level 8. HP: 48/48 MP: 8/12
  5405 | D:5      | Found a staircase to the Ecumenical Temple.
  5423 | Temple   | Entered the Ecumenical Temple
  5900 | D:5      | Found a snail-covered altar of Cheibriados.
  6006 | D:5      | Found a radiant altar of Vehumet.
  6020 | D:5      | Became a worshipper of Vehumet
  7401 | D:6      | Reached skill level 5 in Fighting
  7467 | D:6      | Reached skill level 5 in Dodging
  7632 | D:6      | Reached XP level 9. HP: 51/54 MP: 2/13
  7749 | D:6      | Identified the +4 shortbow "Rakigex" {drain, rF+ rCorr
                  | Str-3 Int+6}
  8435 | D:7      | Reached skill level 5 in Armour
  8649 | D:7      | Reached * piety under Vehumet
  8649 | D:7      | Offered knowledge of Magic Dart by Vehumet.
  9570 | D:8      | Reached XP level 10. HP: 53/60 MP: 5/14
 10389 | D:8      | Learned a level 5 spell: Arcjolt
 10735 | D:9      | Reached ** piety under Vehumet
 10888 | D:9      | Offered knowledge of Kiss of Death by Vehumet.
 10984 | D:9      | Reached skill level 10 in Air Magic
 11342 | D:9      | Found a basalt altar of Yredelemnul.
 12210 | D:10     | Entered Level 10 of the Dungeon
 12344 | D:10     | Reached XP level 11. HP: 52/67 MP: 3/16
 12345 | D:10     | Reached skill level 10 in Conjurations
 12755 | D:10     | Offered knowledge of Searing Ray by Vehumet.
 12860 | D:10     | Reached *** piety under Vehumet
 12945 | D:10     | Found a hazy altar of Hepliaklqana.
 13219 | D:10     | Noticed Nergalle
 13226 | D:10     | Killed Nergalle
 13669 | D:11     | Found a staircase to the Lair.
 13678 | Lair:1   | Entered Level 1 of the Lair of Beasts
 13752 | D:11     | HP: 2/68 [torpor snail (21)]
 13973 | D:11     | Offered knowledge of Frozen Ramparts by Vehumet.
 14016 | D:11     | Noticed a two-headed ogre
 14260 | D:12     | Noticed a manticore
 14267 | D:12     | Killed a manticore
 14624 | D:11     | HP: 1/69 [gargoyle/stone arrow (19)]
 14627 | D:11     | Killed from afar by a gargoyle

Illustrated notes

Levels and vault maps discovered:
D:1:      nzn_arrival_depleted_hourglass, layout_basic
D:2:      layout_loops_ring, chequers_ecumenical_altar_island, serial_shops,
          shop_fountains, nicolae_shop_bloodbath_and_beyond,
          dreamdust_princess_bridge
D:3:      layout_rooms, mainiacjoe_overflow_concentric_impassable,
          nicolae_overflow_ecumenical_swirl, cheibrodos_sewer_entry_sluice
D:4:      layout_layer_cave, serial_demonic, serial_demonic_a, serial_demonic_a,
          serial_demonic_b, serial_demonic_d, serial_demonic_f
D:5:      layout_basic, overflow_temple_1_default, chei_slow_surprise,
          general_overflow_altar, minmay_temple_entry_overgrown,
          grunt_decor_cap, minmay_misc_feat_diagonals
D:6:      layout_loops_ring, st_stairs_9
D:7:      layout_loops_ring
D:8:      layout_basic
D:9:      layout_long_grid, mainiacjoe_overflow_small_starburst
D:10:     layout_gridville, nicolae_hepliaklqana_monster_ancestors,
          uniq_nergalle
D:11:     layout_irregular_city, hellmonk_lair_entry_icy,
          minmay_orc_entry_guard_dogs, trog_three_pillars_becter
D:12:     layout_loops_ring
Temple:   regret_index_temple_generic_petals
Lair:1:   layout_loops_ring, grunt_megastairs_3

Skill      XL: |  1  2  3  4  5  6  7  8  9 10 11 |
---------------+----------------------------------+-----
Conjurations   | 2 3 4 5 7 8 9 11 | 11.2
Fighting       | 1 2 3 4 5 6 7 8 |  8.5
Air Magic      | 5 6 7 8 9 10 11 | 11.8
Armour         | 1 2 4 5 7 8 |  8.7
Dodging        | 3 5 6 7 9 |  9.0
Spellcasting   | 3 |  3.0
Stealth        | |  2.0

Action                   |  1- 3 |  4- 6 |  7- 9 | 10-12 || total
-------------------------+-------+-------+-------+-------++-------
Melee: Unarmed           |     8 |    33 |     8 |       ||    49
       Kick              |     4 |     6 |     2 |       ||    12
       Peck              |     1 |     6 |     1 |       ||     8
       Punch             |       |       |     1 |       ||     1
 Fire: Shortbow          |       |       |    32 |   136 ||   168
 Cast: Shock             |    61 |   109 |   238 |   146 ||   554
       Static Discharge  |       |     4 |    20 |    27 ||    51
       Airstrike         |       |       |     2 |     2 ||     4
       Swiftness         |       |       |     1 |     1 ||     2
       Arcjolt           |       |       |       |    42 ||    42
  Use: Scroll            |     7 |     2 |     2 |     6 ||    17
       Potion            |       |     4 |     1 |     2 ||     7
Armor: Robe              |       |     5 |       |    17 ||    22
       Troll leather arm |       |    24 |    15 |     6 ||    45
Dodge: Dodged            |     4 |   102 |   102 |   229 ||   437

Table legend: (Time is in decaauts)
 A = Elapsed time spent in this place.
 B = Non-inter-level travel time spent in this place.
 C = Inter-level travel time spent in this place.
 D = Time resting spent in this place.
 E = Time spent auto-exploring this place.
 F = Levels seen in this place.
 G = Mean time per level.
                   A        B        C        D        E       F      G
               +--------+--------+--------+--------+--------+-----+--------+
         Total |  14112 |  13553 |    559 |    549 |  11177 |  15 |  940.8 |
       Dungeon |  13627 |  13098 |    529 |    549 |  10798 |  12 | 1135.6 |
        Temple |    250 |    220 |     30 |      0 |    209 |   1 |  250.0 |
          Lair |     82 |     82 |      0 |      0 |     46 |   1 |   82.0 |
         Sewer |    153 |    153 |      0 |      0 |    123 |   1 |  153.0 |
               +--------+--------+--------+--------+--------+-----+--------+

Top non-repeatable levels by time:
     D:4: 2090 daAuts
     D:1: 1446 daAuts
    D:10: 1410 daAuts
     D:9: 1326 daAuts
     D:8: 1298 daAuts
     D:5: 1257 daAuts
     D:6: 1201 daAuts
     D:7: 1016 daAuts
     D:3: 861 daAuts
     D:2: 798 daAuts
    D:12: 468 daAuts
    D:11: 452 daAuts
  Temple: 250 daAuts
   Sewer: 153 daAuts
  Lair:1: 82 daAuts
